woodfighter, neutral female human Healer ----- |^..| ##-..).### % |...| # ################# ----- ### --------------- #-------------# # |.......<.....| #|`.........`.# #######..............| #|.....`.....| # |..........%..| #|...-----...| ##..............| #....|.{.|...| --------------- ###|..`.{.{|`..| # #|...|.{.|...| ### |...-----...| # # |.....`.....| ######### |`.........`| `#------# ------------- #...Z.| |f.'@+ ------ woodfighter the Empiric Experience level: 4 Strength: 8 Dexterity: 11 Constitution: 16 Intelligence: 10 Wisdom: 18 Charisma: 16 Health: 0(32) Energy: 22(26) Def: 3 Gold: 0 Moves: 2405 Dungeon seed: moQiaEbEPHg_ZlXn Game ID: woodfighter_1509451611 Your Inventory: Amulets C - a blessed amulet versus poison (being worn) Weapons a - a +0 scalpel (weapon in hand) Armor e - a blessed +1 pair of leather gloves (being worn) n - an uncursed +0 cloak of displacement (being worn) Comestibles l - 6 blessed eucalyptus leaves m - a blessed sprig of wolfsbane p - 2 uncursed apples q - an uncursed tripe ration v - an uncursed sprig of wolfsbane O - an uncursed food ration U - an uncursed orange Wands h - a wand of sleep (0:4) A - a wand of lightning (0:6) W - a wand of sleep (0:6) Tools b - an uncursed stethoscope s - an uncursed oilskin sack T - an uncursed blindfold Contents of the oilskin sack: 1624 gold pieces an uncursed scroll of confuse monster a [uncursed] scroll of enchant armor a [uncursed] scroll of enchant weapon a [uncursed] scroll of gold detection a cursed scroll of identify an uncursed scroll of teleportation a blessed spellbook of extra healing a blessed spellbook of healing a blessed spellbook of stone to flesh a [uncursed] potion of booze a [uncursed] potion of enlightenment a blessed potion of extra healing 3 uncursed potions of extra healing an uncursed potion of gain level 5 uncursed potions of hallucination 2 blessed potions of healing 2 uncursed potions of healing an uncursed potion of object detection an uncursed ring of polymorph control an uncursed ring of polymorph control Spells and supernatural/magical abilities: Name Level Category Fail Memory h - healing 1 healing 0% 88% x - extra healing 3 healing 27% 88% S - stone to flesh 3 healing 41% 88% W - pray for help -- divine ? -- Your skills at the end: Miscellaneous Skills wands [Basic] Weapon Skills knife [Basic] Spellcasting Skills healing spells [Basic] Final Attributes: You were devoutly aligned. You were poison resistant. You were displaced. You are dead. Vanquished creatures: 2 fog clouds a giant ant a puppy a rabid rat 2 orc zombies a gecko a giant rat a green mold a red mold 5 garter snakes 4 gnome zombies 9 jackals 2 foxes 5 newts a goblin 3 sewer rats 7 grid bugs 3 lichens 50 creatures vanquished. Voluntary challenges: You did not cause conflict. You were not invisible. You did not have reflection. You used a wielded weapon 108 times, starting on turn 62. You did not apply a unicorn horn. You did not use plumbed fixtures. You did not drink any magical draughts. You were illiterate. You never genocided any monsters. You never polymorphed an object. You never changed form. You used no wishes. You never split a pudding. You never wrote Elbereth's name. You never violated your personal moral code. Dungeon overview: The Dungeons of Doom: levels 1 to 6 Level 1 a long staircase Level 2 a fountain stairs to The Gnomish Mines Level 3 a general store, some fountains Level 4 a fountain Level 5 a general store, an altar to Poseidon Level 6 <- You were here many fountains The Gnomish Mines: Level 3 stairs to The Dungeons of Doom History has recorded: On T:1 you entered the Dungeons of Doom to retrieve the Amulet of Yendor! On T:217 you reached level 2 of The Dungeons of Doom. On T:359 you reached level 3 of The Dungeons of Doom. On T:602 you reached level 1 of The Gnomish Mines. On T:675 you advanced to experience level 2. On T:1092 you reached level 4 of The Dungeons of Doom. On T:1193 you reached level 5 of The Dungeons of Doom. On T:1470 you advanced to experience level 3. On T:1554 you prayed to Hermes. On T:1771 you reached level 6 of The Dungeons of Doom. On T:2058 you advanced to experience level 4. Score breakdown: Gold: 161 ( 16 points) Experience: 4 levels ( 300 points) Exploration: 6 levels ( 150 points) Discoveries: 16 items ( 800 points) Variety of kills: 18 monsters ( 900 points) Major goal: (nothing yet) ( 0 points) Survival: died (score multiplied by 3) Total score: 6498 Latest messages: You slash the straw golem. The straw golem is moderately damaged. The straw golem claws you! The straw golem misses. You hack the straw golem. The straw golem is moderately damaged. The straw golem claws you! (4x) You hack the straw golem. The straw golem is moderately damaged. The straw golem claws you! (2x) You feel hungry. You feel better. The straw golem claws you! (4x) You hack the straw golem. The straw golem is horribly damaged. The straw golem claws you! The straw golem just misses! The human zombie scratches you! You hack the straw golem. The straw golem is almost destroyed. The straw golem claws you! The straw golem misses. The straw golem claws you! (2x) The human zombie scratches you! You die... Final status: Goodbye woodfighter the Healer, killed by a human zombie... You died in The Dungeons of Doom on dungeon level 6 with 6498 points, and 1624 pieces of gold, after 2405 moves. You were level 4 with a maximum of 32 hit points when you died.